AoeStats
← RedPhosphoru

Arabia

510226816Analyzed
1v1 RM · 1d ago on Sep 30, 2026· 32m 36s· 2 players
Game mode
Random Map
Map size
Tiny (2 player)
Population
200
Speed
Normal
Resources
Standard
Victory
Conquest
Starting age
Dark Age
Ending age
Imperial Age
RankedLock teamsTeams togetherTeam positionsShared explorationLock speedFull tech treeHidden civsTurbo modeCheats
Victory
Defeat
🇺🇸 Bohemians · United States
2349
+12
🇦🇷 Burmese · Argentina
2249
-12
the best BO's
5:05 Loom
10:02 Feudal Age
13:35 Castle Age
12:34 Gold Mining
14:13 Loom
16:06 Sanctity
16:21 Fervor
16:40 Atonement
18:05 Devotion
19:45 Town Watch
RedPhosphoru
10:32 Feudal Age
9:09 Loom
11:54 Double-Bit Axe
14:35 Castle Age
16:15 Atonement
18:16 Devotion
20:08 Heresy
21:22 Fervor
27:56 Fletching
29:40 Bow Saw
29:13 Light Cavalry
30:57 Forging
Connection lost

Rejoining the realm…

Still unreachable

The connection could not be restored.

Session expired

The server has moved on; the page needs a fresh start.